 Dungeon Crawl Stone Soup version 0.32-a0-13-gbaedc5810e (webtiles) character file.

Game seed: 16974000336780024078

7 Ivernyr the Shield-Bearer (level 2, -1/24 HPs)
             Began as a Formicid Fighter on Jan 15, 2024.
             Slain by a hobgoblin (3 damage)
             ... on level 1 of the Dungeon.
             The game lasted 00:00:30 (49 turns).

Ivernyr the Shield-Bearer (Formicid Fighter)          Turns: 49, Time: 00:00:30

Health: -1/24      AC:  6    Str: 20    XL:     2   Next: 10%
Magic:  2/2        EV:  9    Int:  7    God:
Gold:   14         SH:  5    Dex: 13    Spells: 1/1 levels left

rFire   . . .        a - +0 quarterstaff
rCold   . . .        c - +0 buckler
rNeg    . . .        b - +0 scale mail
rPois   .            (helmet unavailable)
rElec   .            (no cloak)
rCorr   .            (no gloves)
SInv    +            (no boots)
Will    .....        (no amulet) Stlth
                     (no ring)
HPRegen 0.24/turn    (no ring)
MPRegen 0.08/turn

%: no passive effects
@: no status effects
A: permanent stasis, dig shafts and tunnels, antennae 3, four strong arms
a: Dig, Shaft Self


You were on level 1 of the Dungeon.
You visited 1 branch of the dungeon, and saw 1 of its levels.

You collected 14 gold pieces.

Inventory:

Hand Weapons
 a - a +0 quarterstaff (weapon)
Armour
 b - a +0 scale mail (worn)
 c - a +0 buckler (worn)
Potions
 d - a potion of might
 e - a potion of berserk rage {unknown}


   Skills:
 + Level 3.4 Fighting
 + Level 2.2 Staves
 + Level 3.4 Armour
 + Level 4.2 Shields


You had one spell level left.
You didn't know any spells.
Your spell library was empty.

Dungeon Overview and Level Annotations

Branches:
Dungeon (1/15)

Altars:


Innate Abilities, Weirdness & Mutations

You cannot be hasted, slowed, berserked, paralysed or teleported.
You can dig through walls and to a lower floor.
You have a pair of large antennae on your head. (SInv)
Your four strong arms can wield two-handed weapons with a shield.


Message History

You closely miss the giant cockroach. The kobold hits you with a +0 whip.
The giant cockroach bites you. The hobgoblin barely misses you.
The kobold barely misses you. The giant cockroach barely misses you.
You hit the giant cockroach but do no damage.
You block the giant cockroach's attack. The hobgoblin hits you.
The kobold hits you with a +0 whip.
The giant cockroach attacks as it pursues you!
The giant cockroach bites you but does no damage.
You hit the giant cockroach but do no damage.
The giant cockroach closely misses you. You block the giant cockroach's attack.
The kobold hits you but does no damage.
The giant cockroach attacks as it pursues you!
The giant cockroach bites you but does no damage.
The giant cockroach barely misses you.
You thump the giant cockroach!
You kill the giant cockroach!
You have reached level 2!
You barely miss the kobold.
The kobold hits you with a +0 short sword.
You miss the kobold.
The kobold hits you but does no damage. x2
You hit the kobold.
The kobold is severely wounded.
The kobold hits you with a +0 short sword.
You sock the kobold!
You kill the kobold!
You closely miss the hobgoblin. The hobgoblin hits you.
* * * LOW HITPOINT WARNING * * *
The hobgoblin hits you.
* * * LOW HITPOINT WARNING * * *
You hit the hobgoblin.
The hobgoblin is moderately wounded.
The hobgoblin hits you but does no damage.
You closely miss the hobgoblin.
The hobgoblin is moderately wounded.
The hobgoblin hits you.
* * * LOW HITPOINT WARNING * * *
You barely miss the hobgoblin.
The hobgoblin is moderately wounded.
The hobgoblin hits you.
You die...

..### ##.## # ....####...####.
############# #.....#..~..#...
.#.#.#.#.#.#.###8..~....~....~.
...............###...~..~~~..~..
#.#.#.#.#.#.#.#.#.....~~~~~~~...
..............#....~~~~...~~~~.
#.#.#.#.#.#.##..~~~~~..<..~~~~
..........)Kg@....~~~~...~~~~.
#.#.#.#>#.#.#g###.....~~~~~~~...
......)........###..†~..~~~..~..
#.#.#.#.#.#.#.###8).~....~....~.
.............#.....#..~..#...
#.#.#.#.#.#.#.....####...####.
#.#.$#########...### ##.## #
#... #..... .# ##.# #...... .


You could see 2 hobgoblins and a kobold.

Vanquished Creatures
  2 giant cockroaches (D:1)
  4 kobolds (D:1)
6 creatures vanquished.

Notes
Turn   | Place    | Note
-------+----------+-------------------------------------------
     0 | D:1      | Ivernyr the Formicid Fighter began the quest for the Orb.
     0 | D:1      | Reached XP level 1. HP: 18/18 MP: 1/1
    42 | D:1      | Reached XP level 2. HP: 15/24 MP: 2/2
    49 | D:1      | Slain by a hobgoblin

Illustrated notes

Levels and vault maps discovered:
D:1:      eino_arrival_water_star, layout_rooms, minivault_5, st_stairs_11,
          grunt_decor_mini_mirrors, minmay_misc_feat_diagonals

Action                     || total
---------------------------++-------
  Melee: Quarterstaff      ||    20
 Armour: Scale mail        ||    24
  Dodge: Dodged            ||     8
  Block: Buckler           ||     3

Table legend: (Time is in decaauts)
 A = Elapsed time spent in this place.
 B = Non-inter-level travel time spent in this place.
 C = Inter-level travel time spent in this place.
 D = Time resting spent in this place.
 E = Time spent auto-exploring this place.
 F = Levels seen in this place.
 G = Mean time per level.
                   A        B        C        D        E       F      G
               +--------+--------+--------+--------+--------+-----+--------+
         Total |     54 |     54 |      0 |      0 |      8 |   1 |   54.0 |
       Dungeon |     54 |     54 |      0 |      0 |      8 |   1 |   54.0 |
               +--------+--------+--------+--------+--------+-----+--------+

Top non-repeatable levels by time:
     D:1: 54 daAuts
